AoeStats
← TrampyFlounder

Arabia

509712675Analyzed
1v1 RM · 3d ago on Sep 27, 2026· 35m 56s· 2 players
Game mode
Random Map
Map size
Tiny (2 player)
Population
200
Speed
Normal
Resources
Standard
Victory
Conquest
Starting age
Dark Age
Ending age
Imperial Age
RankedLock teamsTeams togetherTeam positionsShared explorationLock speedFull tech treeHidden civsTurbo modeCheats
Victory
Defeat
🇩🇪 Italians · Germany
1137
+17
🇺🇸 Lithuanians · United States
1163
-17
Dinotrex5989
6:50 Loom
9:13 Feudal Age
12:14 Double-Bit Axe
15:10 Horse Collar
17:25 Gold Mining
20:55 Castle Age
19:31 Fletching
21:43 Bodkin Arrow
21:13 Crossbowman
23:56 Ballistics
23:32 Murder Holes
25:53 Padded Archer Armor
32:25 Imperial Age
34:07 Chemistry
33:10 Bracer
34:01 Arbalester
TrampyFlounder
7:30 Loom
9:27 Feudal Age
17:45 Castle Age
15:56 Gold Mining
16:05 Horse Collar
16:32 Double-Bit Axe
21:23 Husbandry
22:40 Wheelbarrow
22:21 Scale Barding Armor
30:03 Bow Saw
30:37 Chain Barding Armor
30:36 Elite Skirmisher
31:19 Fletching
32:07 Padded Archer Armor
32:57 Forging
34:00 Heavy Plow
34:06 Bodkin Arrow
Connection lost

Rejoining the realm…

Still unreachable

The connection could not be restored.

Session expired

The server has moved on; the page needs a fresh start.